 Dungeon Crawl Stone Soup version 0.31.0-11-ge490571c62 (webtiles) character file.

Game seed: 7101491447264934599

112632 hawla the Executioner (level 16, -2/134 HPs)
             Began as a Hill Orc Monk on Jan 28, 2024.
             Was the Champion of Beogh.
             Slain by Mara (illusionary)
             ... wielding a +0 demon trident of pain
              (4 damage)
             ... on level 4 of the Shoals.
             The game lasted 01:54:18 (28530 turns).

hawla the Executioner (Hill Orc Monk)              Turns: 28530, Time: 01:54:19

Health: -2/134     AC: 33    Str: 24    XL:     16   Next: 61%
Magic:  22/23      EV: 16    Int:  7    God:    Beogh [******]
Gold:   153        SH:  0    Dex: 14    Spells: 15/15 levels left

rFire   . . .        B - +5 executioner's axe "Ajoyllal" {freeze, rElec SInv}
rCold   . . .        (shield currently unavailable)
rNeg    . . .        l - +7 chain mail "Emuliehyzi" {rCorr Slay+2}
rPois   +            k - +0 helmet
rElec   +            Q - +2 cloak {rCorr}
rCorr   +            J - +2 pair of gloves {infuse}
SInv    +            M - +2 pair of boots {Stlth+}
Will    +....        A - amulet of Zyoll {Faith Rampage} Stlth
                     c - +5 ring of evasion
HPRegen 0.42/turn    o - ring of Pulyjana {rPois Int-4 Dex+2 SInv}
MPRegen 0.18/turn

%: rampage, faith, infuse magic (1 MP)
@: about to teleport, studying Long Blades
A: walk on water, talons 1, mutation resistance 1, strong 1
a: Renounce Religion, Smiting, Recall Orcish Followers, Give Item to Named
Follower, Resurrection


You were on level 4 of the Shoals.
You worshipped Beogh.
Beogh was exalted by your worship.
You visited 6 branches of the dungeon, and saw 25 of its levels.
You also visited: Trove and Gauntlet.

You collected 2632 gold pieces.
You spent 2479 gold pieces at shops.

Inventory:

Hand Weapons
 s - the +2 great sword of the Wasteland {antimagic, Will+ Dex+4}
   (You found it in a treasure trove)

   Dex+4:     It affects your dexterity (+4).
   Will+:     It increases your willpower.
 y - the +9 mace of Blue Honour {spect, rN+ Will+ Int+3}
   (You found it on level 12 of the Dungeon)

   Int+3:     It affects your intelligence (+3).
   rN+:       It protects you from negative energy.
   Will+:     It increases your willpower.
 B - the +5 executioner's axe "Ajoyllal" (weapon) {freeze, rElec SInv}
   (You found it in a treasure trove)

   rElec:     It insulates you from electricity.
   SInv:      It lets you see invisible.
 Z - the +5 executioner's axe of the Snake Pit {flame, Dex+3 SInv}
   (You found it in a treasure trove)

   Dex+3:     It affects your dexterity (+3).
   SInv:      It lets you see invisible.
Missiles
 m - 13 poisoned darts (quivered)
Armour
 f - a +1 chain mail of cold resistance
 k - a +0 helmet (worn)
 l - the +7 chain mail "Emuliehyzi" (worn) {rCorr Slay+2}
   (You bought it in a shop on level 1 of the Orcish Mines)

   Slay+2:    It affects your accuracy & damage with ranged weapons and melee
   (+2).
   rCorr:     It protects you from acid and corrosion.
 J - a +2 pair of gloves of infusion (worn)
 M - a +2 pair of boots of stealth (worn)
 O - the +0 cloak "Tiupru Tavum" {rF++ rC- Slay+2}
   (You found it on level 3 of the Shoals)

   Slay+2:    It affects your accuracy & damage with ranged weapons and melee
   (+2).
   rF++:      It greatly protects you from fire.
   rC-:       It makes you vulnerable to cold.
 Q - a +2 cloak of preservation (worn)
Jewellery
 c - a +5 ring of evasion (left hand)
 h - a ring of positive energy
 n - a ring of resist corrosion
 o - the ring of Pulyjana (right hand) {rPois Int-4 Dex+2 SInv}
   (You found it on level 2 of the Dungeon)

   [ring of see invisible]

   Int-4:     It affects your intelligence (-4).
   Dex+2:     It affects your dexterity (+2).
   rPois:     It protects you from poison SInv: It lets you see invisible.
 r - a ring of willpower
 A - the amulet of Zyoll (around neck) {Faith Rampage}
   (You found it in a Gauntlet)

   [amulet of faith]

   Faith:     It allows you to gain divine favour quickly.
   Rampage:   It bestows one free step when moving towards enemies.
 I - the ring of Abbof {Wiz rF+ Str+2 Dex+3}
   (You found it in a Gauntlet)

   [ring of wizardry]

   Wiz:       It improves your spell success rate.
   Str+2:     It affects your strength (+2).
   Dex+3:     It affects your dexterity (+3).
   rF+:       It protects you from fire.
 V - a ring of ice
 W - a ring of flight
Wands
 a - a wand of polymorph (2)
 b - a wand of digging (3)
 j - a wand of mindburst (1)
 D - a wand of paralysis (9)
 G - a wand of flame (50)
Scrolls
 d - a scroll of acquirement
 e - 3 scrolls of teleportation
 g - 2 scrolls of enchant armour
 q - 2 scrolls of revelation
 v - 3 scrolls of fog
 x - 4 scrolls of butterflies
 z - 7 scrolls of silence
 F - 5 scrolls of identify
 H - 4 scrolls of vulnerability
 P - 2 scrolls of fear
Potions
 p - 5 potions of enlightenment
 t - 3 potions of brilliance
 u - 11 potions of curing
 w - 2 potions of lignification {unknown}
 C - a potion of attraction
 N - 2 potions of might
 S - 2 potions of haste
Miscellaneous
 E - a sack of spiders (inert)
 U - a phantom mirror (inert)


   Skills:
 - Level 10.0 Fighting
 + Level 9.4 Long Blades
 - Level 24.0 Axes
 - Level 6.0 Throwing
 - Level 14.8 Armour
 - Level 6.0 Dodging
 - Level 10.0 Invocations
 - Level 10.0 Evocations


You had 15 spell levels left.
You didn't know any spells.
Your spell library contained the following spells:

 Spells                   Type           Power      Damage    Failure   Level
 Sting                    Conj/Alch      0%         1d3       85%         1
 Summon Small Mammal      Summ           0%         N/A       85%         1
 Lesser Beckoning         Tloc           0%         N/A       94%         2
 Mercury Vapours          Alch/Air       0%         N/A       94%         2
 Call Canine Familiar     Summ           0%         N/A       99%         3
 Dazzling Flash           Conj/Hex       0%         N/A       99%         3
 Gell's Gravitas          Tloc           0%         N/A       99%         3
 Inner Flame              Hex/Fire       0%         N/A       99%         3
 Teleport Other           Tloc           0%         N/A       99%         3
 Volatile Blastmotes      Fire/Tloc      0%         2d10      99%         3
 Animate Dead             Necr           0%         N/A       100%        4
 Olgreb's Toxic Radiance  Alch           0%         N/A       100%        4
 Summon Blazeheart Golem  Fire/Summ      0%         N/A       100%        4
 Alistair's Intoxication  Alch           0%         N/A       100%        5
 Borgnjor's Vile Clutch   Necr/Erth      0%         N/A       100%        5
 Irradiate                Conj/Alch      0%         3d11      100%        5
 Dispersal                Tloc           0%         N/A       100%        6
 Eringya's Noxious Bog    Alch           0%         4d6       100%        6
 Starburst                Conj/Fire      0%         6d3       100%        6
 Haunt                    Necr/Summ      0%         N/A       100%        7
 Ozocubu's Refrigeration  Ice            0%         4d7       100%        7
 Discord                  Hex            0%         N/A       100%        8
 Ignition                 Fire           0%         3d3       100%        8
 Infestation              Necr           0%         N/A       100%        8
 Maxwell's Capacitive Co  Air            0%         ∞         100%        8


Dungeon Overview and Level Annotations

Branches:
Dungeon (12/15)            Temple (1/1) D:4            Lair (5/5) D:10
 Shoals (4/4) Lair:2        Snake (0/4) Lair:2        Slime (0/5) Lair:4
    Orc (2/2) D:11            Elf (1/3) Orc:2       Gauntlet (visited)

Altars:
Ashenzari
Cheibriados
Dithmenos
Elyvilon
Fedhas
Gozag
Hepliaklqana
Kikubaaqudgha
Makhleb
Nemelex Xobeh
Okawaru
Qazlal
Ru
Sif Muna
Trog
Uskayaw
Vehumet
Wu Jian
Xom
Yredelemnul
Zin
The Shining One
Beogh

Shops:
D:3 [?   D:8 *   D:9 *   Orc:1 *=   Orc:2 (!*!*   Shoals:3 (

Annotations:
D:9 4 runed translucent doors, stipulation's ghost, novice VSNe
Shoals:4 Mara


Innate Abilities, Weirdness & Mutations

You can walk on water.
You have sharp toenails.
You are somewhat resistant to further mutation.
Your muscles are strong. (Str +4, Int/Dex -1)


Message History

You are too injured to fight recklessly!
You are too injured to fight recklessly!
You are too injured to fight recklessly!
You barely miss the faun. The faun hits you but does no damage.
You slash the faun! You freeze the faun.
The faun is moderately wounded.
The faun closely misses you.
You chop the faun into pieces!!! You freeze the faun.
You kill the faun!
Beogh accepts your kill.
You feel your willpower return.
A faun is nearby!
The faun shouts!
Mara shimmers.
Mara shimmers and seems to become three!
You slash Mara! You freeze Mara.
Mara is moderately wounded.
Mara hits you but does no damage.
You writhe in agony.
Mara barely misses you.
Mara hits you from afar with a +0 demon trident of pain!!
* * * LOW HITPOINT WARNING * * *
You writhe in agony.
* * * LOW HITPOINT WARNING * * *
Mara barely misses you. Mara gestures at you.
There is a horrible, sudden wrenching feeling in your soul!
As you read the scroll of teleportation, it crumbles to dust.
You feel strangely unstable. Mara barely misses you.
Mara hits you from afar with a +0 demon trident of pain.
* * * LOW HITPOINT WARNING * * *
Mara hits you with a +0 demon trident of pain!
* * * LOW HITPOINT WARNING * * *
You writhe in agony.
* * * LOW HITPOINT WARNING * * *
You feel better.
Mara hits you from afar with a +0 demon trident of pain!!
* * * LOW HITPOINT WARNING * * *
You writhe in agony.
* * * LOW HITPOINT WARNING * * *
Mara hits you but does no damage.
You writhe in agony.
You die...

≈~~.
........#.#..~.....##~~≈≈
≈~#
.......~..#....~.†.~#.~≈≈
≈.
.........~~.÷........~#
......~~....#...#....#
#######8).#########...#
#.......~..#...# #...
#.......~......~ #..
#...†R#~~~#..... #.
#....@R@~.#.....
#....R#.~8#..... #
#.....#)~.# ....
#.##..###.~.# #..##
#..).†..#.~.#~.....
#...).).#.~.#......
#.......#.c.#......
###.#.)##8~..#..#
###)....~.....#


You could see 3 Maras, a faun and hawla's illusion.

Vanquished Creatures
  Gastronok (Lair:1)
  A sphinx (Shoals:4)
  A kraken (Shoals:3)
  A minotaur (Gauntlet)
  A merfolk javelineer (Shoals:2)
  Josephine (D:11)
  An ettin (Orc:1)
  3 merfolk impalers
  Fannar (Lair:1)
  A hell beast (Gauntlet)
  3 hydras
  2 two-headed ogres
  2 alligator snapping turtles
  3 satyrs
  A merfolk aquamancer (Shoals:3)
  2 centaur warriors
  3 merfolk avatars
  A boulder beetle (D:12)
  6 death yaks
  Nergalle (D:10)
  Amaemon (Lair:1)
  4 skysharks
  The ghost of SuperJoe the Mimic, a novice FeCA of Ignis (D:8)
  A goliath frog (Lair:5)
  An orc knight (Orc:2)
  8 sea snakes
  An orange crystal statue (D:12)
  A lindwurm (Lair:5)
  15 harpies
  2 ugly things
  5 cyclopes
  19 fauns
  2 black mambas
  16 manticores
  14 elephants
  5 merfolk sirens
  4 kobold blastminers (Orc:2)
  A rust devil (Gauntlet)
  An apocalypse crab (Gauntlet)
  3 water nymphs
  A gargoyle (D:12)
  16 cane toads
  An orange demon (Lair:1)
  6 komodo dragons
  2 rime drakes
  3 ice devils (D:12)
  Psyche (D:10)
  4 freezing wraiths (D:12)
  4 trolls
  17 merfolk
  2 wind drakes
  A polar bear (Lair:5)
  16 dream sheep
  9 blink frogs
  4 snapping turtles
  13 slime creatures (D:12)
  5 wyverns
  8 water elementals
  2 wraiths
  A ynoxinul (Gauntlet)
  3 shadows
  27 yaks
  A vampire (D:10)
  2 steam dragons
  4 vampire mosquitoes (Lair:5)
  3 basilisks
  4 nagas (Lair:2)
  2 hell hounds (Gauntlet)
  14 water moccasins
  An ice beast (D:6)
  6 orc warriors
  A black bear (D:5)
  A sky beast (D:7)
  3 ogres
  7 wolves
  3 boggarts (Lair:5)
  7 centaurs
  Blork the orc (D:5)
  12 bullfrogs
  4 scorpions
  13 wights
  5 killer bees
  7 electric eels
  A howler monkey (D:4)
  6 jellies
  6 orc priests
  2 iron imps (Gauntlet)
  A gnoll bouda (D:8)
  4 orc wizards
  An iguana (D:7)
  6 gnolls
  5 adders
  9 white imps
  2 dart slugs
  A ribbon worm (D:5)
  9 orcs
  9 ball pythons
  5 bats
  14 endoplasms
  5 giant cockroaches
  4 goblins
  5 hobgoblins
  8 jackals (D:2)
  5 kobolds
  3 quokkas (D:1)
  2 frilled lizards (D:1)
  3 rats
504 creatures vanquished.

Vanquished Creatures (collateral kills)
  Rupert (Lair:2)
  Nessos (D:12)
  A merfolk impaler (Shoals:3)
  A hydra (Lair:5)
  A centaur warrior (Orc:2)
  2 two-headed ogres
  2 death yaks (Lair:5)
  An orc high priest (Orc:2)
  A skyshark (Lair:5)
  An orc knight (Orc:2)
  A manticore (Shoals:2)
  Maurice (D:10)
  A cyclops (D:11)
  2 merfolk sirens
  A kobold blastminer (Orc:2)
  A water nymph (Shoals:2)
  A gargoyle (D:11)
  6 cane toads
  A komodo dragon (Lair:1)
  A polar bear (Lair:2)
  A tyrant leech (Lair:5)
  6 merfolk
  5 blink frogs
  2 snapping turtles
  A wind drake (Shoals:2)
  2 dream sheep
  A slime creature (D:12)
  4 wraiths (D:11)
  A water elemental (Shoals:1)
  2 wyverns
  A shadow (D:9)
  4 yaks
  A basilisk (Lair:5)
  A vampire mosquito (Lair:5)
  2 water moccasins (Lair:5)
  8 orc warriors
  A black bear (D:6)
  An ice beast (D:6)
  2 ogres
  A boggart (Lair:5)
  A wolf (Lair:5)
  6 centaurs
  A bullfrog (Lair:2)
  A scorpion (D:6)
  6 wights
  9 killer bees
  4 hounds
  A jelly (D:6)
  A bombardier beetle (D:6)
  3 orc priests (D:11)
  A sleepcap (D:7)
  2 orc wizards
  2 iguanas
  A gnoll (D:8)
  A white imp (D:6)
  11 orcs
126 creatures vanquished.

Vanquished Creatures (others)
  An orc knight (Shoals:3)
  10 orc priests
  13 orc warriors
  5 orc wizards
  27 orcs
  4 tentacles (Shoals:3)
60 creatures vanquished.

Grand Total: 690 creatures vanquished

Notes
Turn   | Place    | Note
-------+----------+-------------------------------------------
     0 | D:1      | hawla the Hill Orc Monk began the quest for the Orb.
     0 | D:1      | Reached XP level 1. HP: 19/19 MP: 1/1
    40 | D:1      | Reached XP level 2. HP: 26/26 MP: 2/2
    96 | D:1      | Reached skill level 5 in Axes
   260 | D:1      | Reached XP level 3. HP: 31/31 MP: 3/3
   604 | D:2      | Reached skill level 6 in Axes
   712 | D:2      | You fall into a shaft and drop 2 floors!
   733 | D:4      | Found a staircase to the Ecumenical Temple.
   737 | D:4      | Noticed a scorpion
   757 | D:4      | Killed a scorpion
   758 | D:4      | Reached skill level 7 in Axes
   758 | D:4      | Reached XP level 4. HP: 16/39 MP: 4/4
   766 | Temple   | Entered the Ecumenical Temple
   956 | D:3      | Became a worshipper of Beogh the Brigand
   956 | D:3      | Reached * piety under Beogh
   956 | D:3      | Reached ** piety under Beogh
  1008 | D:3      | Reached XP level 5. HP: 45/45 MP: 5/5
  1454 | D:2      | Identified the ring of Pulyjana {rPois Int-4 Dex+2 SInv}
  1726 | D:2      | Reached skill level 8 in Axes
  1873 | D:3      | Found Toriu's Antique Armour Shop.
  2143 | D:3      | Found Itacoug's Magic Scroll Shoppe.
  2146 | D:3      | Bought a scroll of identify for 26 gold pieces
  2146 | D:3      | Bought a scroll of teleportation for 39 gold pieces
  2229 | D:3      | Reached *** piety under Beogh
  2759 | D:4      | Reached XP level 6. HP: 51/51 MP: 6/6
  3147 | D:5      | Entered Level 5 of the Dungeon
  3169 | D:5      | Reached skill level 9 in Axes
  3205 | D:5      | Noticed Blork the orc
  3209 | D:5      | Killed Blork the orc
  3217 | D:5      | Reached skill level 10 in Axes
  3217 | D:5      | Reached XP level 7. HP: 57/57 MP: 7/7
  3468 | D:5      | Reached skill level 11 in Axes
  3488 | D:5      | Reached skill level 12 in Axes
  3488 | D:5      | Reached XP level 8. HP: 57/64 MP: 8/8
  3859 | D:6      | Reached skill level 13 in Axes
  4086 | D:6      | Found a snail-covered altar of Cheibriados.
  4548 | D:7      | Reached skill level 14 in Axes
  4554 | D:7      | Reached **** piety under Beogh
  4629 | D:7      | Reached XP level 9. HP: 70/70 MP: 9/9
  4831 | D:7      | Identified the +0 leather armour of the Realm of Zot {rCorr
                  | Int+5}
  4832 | D:7      | Found a shadowy altar of Dithmenos.
  5143 | D:8      | Found a runed translucent gate.
  5143 | D:8      | Found a runed translucent gate.
  5143 | D:8      | Found a runed translucent gate.
  5147 | D:8      | Noticed SuperJoe's ghost (novice FeCA)
  5152 | D:8      | Reached skill level 15 in Axes
  5411 | D:8      | Found a shimmering blue altar of Sif Muna.
  5603 | D:8      | Found a blossoming altar of Fedhas.
  5612 | D:8      | Found a white marble altar of Elyvilon.
  5747 | D:8      | Found Zin's Purification Station.
  5752 | D:8      | Found a glowing silver altar of Zin.
  5831 | D:8      | Reached skill level 16 in Axes
  5831 | D:8      | Reached skill level 1 in Armour
  5955 | D:3      | Bought a runed cloak for 172 gold pieces
  5955 | D:3      | Bought a shiny chain mail for 172 gold pieces
  6139 | D:8      | Found a hide-covered altar of Uskayaw.
  6143 | D:8      | Found a hazy altar of Hepliaklqana.
  6303 | D:8      | Killed SuperJoe's ghost
  6604 | D:9      | Reached XP level 10. HP: 77/77 MP: 10/10
  6870 | D:9      | Found Kiafehib's Assorted Antiques.
  6885 | D:9      | Found a runed translucent gate.
  6885 | D:9      | Found a runed translucent gate.
  6889 | D:9      | Noticed stipulation's ghost (novice VSNe)
  6889 | D:9      | Noticed a kobold demonologist
  6891 | D:9      | Found a runed translucent gate.
  6891 | D:9      | Noticed a kobold demonologist
  6904 | D:9      | Bought a scroll labelled ALICWE LOTIUBB for 22 gold pieces
  6904 | D:9      | Bought a scroll of identify for 44 gold pieces
  7011 | D:9      | Found a runed translucent door.
  7015 | D:9      | Noticed a two-headed ogre
  7016 | D:9      | Noticed a two-headed ogre
  7282 | D:10     | Entered Level 10 of the Dungeon
  7294 | D:10     | Noticed Nergalle
  7304 | D:10     | Killed Nergalle
  7338 | D:10     | Found an iron altar of Okawaru.
  7510 | D:10     | Noticed a two-headed ogre
  7511 | D:10     | Noticed Maurice
  7517 | D:10     | Killed a two-headed ogre
  7518 | D:10     | Reached skill level 10 in Armour
  7518 | D:10     | Noticed Psyche
  7526 | D:10     | Killed Psyche
  7532 | D:10     | Killed Maurice
  7760 | D:10     | Found a staircase to the Lair.
  7861 | D:10     | Found a glowing golden altar of the Shining One.
  7892 | D:10     | Reached ***** piety under Beogh
  7961 | D:11     | Noticed a gargoyle
  7968 | D:11     | Killed a gargoyle
  8001 | D:11     | Reached XP level 11. HP: 82/82 MP: 11/11
  8086 | D:11     | Found a staircase to the Orcish Mines.
  8098 | D:11     | Noticed Josephine
  8111 | D:11     | Killed Josephine
  8111 | D:11     | Noticed a cyclops
  8116 | D:11     | Killed a cyclops
  8251 | D:11     | Noticed a two-headed ogre
  8258 | D:11     | Killed a two-headed ogre
  8471 | D:11     | Found a frozen archway.
  8517 | D:11     | Noticed a green ugly thing
  8531 | D:11     | Killed a green ugly thing
  9065 | Lair:1   | Entered Level 1 of the Lair of Beasts
  9083 | Lair:1   | Noticed Fannar
  9093 | Lair:1   | Noticed Gastronok
  9105 | Lair:1   | Killed Fannar
  9122 | Lair:1   | Killed Gastronok
  9125 | Lair:1   | Noticed Amaemon
  9385 | Lair:1   | Reached skill level 5 in Invocations
  9666 | D:12     | Found a portal to a secret trove of treasure.
  9704 | D:12     | Identified a scroll of acquirement
  9731 | D:12     | Noticed a boulder beetle
  9756 | D:12     | Killed a boulder beetle
  9953 | D:12     | Noticed a centaur warrior
  9966 | D:12     | Killed a centaur warrior
  9967 | D:12     | Reached XP level 12. HP: 88/90 MP: 16/18
 10085 | D:12     | Noticed a two-headed ogre
 10099 | D:12     | Killed a two-headed ogre
 10103 | D:12     | Reached skill level 10 in Invocations
 10347 | D:12     | Reached skill level 5 in Fighting
 10469 | D:12     | Noticed Nessos
 10533 | D:9      | Bought a potion of curing for 66 gold pieces
 10533 | D:9      | Bought a pair of embroidered gloves for 165 gold pieces
 11234 | Lair:1   | Killed Amaemon
 11235 | Lair:1   | Reached skill level 1 in Throwing
 11777 | Lair:2   | Reached skill level 5 in Dodging
 11830 | Lair:2   | Found a staircase to the Snake Pit.
 12083 | Lair:2   | Reached skill level 5 in Throwing
 12186 | Lair:2   | Reached XP level 13. HP: 96/100 MP: 16/20
 12611 | Lair:2   | Found a staircase to the Shoals.
 12627 | Lair:2   | Reached skill level 1 in Evocations
 13020 | Lair:3   | Found a gate leading to a gauntlet.
 13025 | Gauntlet | Entered a Gauntlet
 13025 | Gauntlet | Found a transporter.
 13025 | Gauntlet | Found a transporter.
 13038 | Gauntlet | Found a transporter.
 13075 | Gauntlet | Found a transporter.
 13100 | Gauntlet | Found a transporter.
 13102 | Gauntlet | Found a transporter.
 13123 | Gauntlet | Found a transporter.
 13162 | Gauntlet | Found a transporter.
 13165 | Gauntlet | Found a transporter.
 13165 | Gauntlet | Found a transporter.
 13179 | Gauntlet | Found a runed translucent gate.
 13179 | Gauntlet | Found a runed translucent gate.
 13179 | Gauntlet | Found a runed translucent gate.
 13182 | Gauntlet | Found a transporter.
 13199 | Gauntlet | Found a transporter.
 13209 | Gauntlet | Found a transporter.
 13216 | Gauntlet | Found a transporter.
 13699 | Gauntlet | Identified the amulet of Zyoll {Faith Rampage}
 13837 | Gauntlet | Identified the +11 arbalest "Leviticus" {flame, rF+ rC-
                  | Str+3 Stlth+}
 13837 | Gauntlet | Noticed a minotaur
 13856 | Gauntlet | Killed a minotaur
 13857 | Gauntlet | Identified the ring of Abbof {Wiz rF+ Str+2 Dex+3}
 14089 | D:12     | You paid a toll of 2 scrolls of acquirement to enter a
                  | treasure trove
 14090 | Trove    | Entered a treasure trove
 14116 | Trove    | Identified the +2 great sword of the Wasteland {antimagic,
                  | Will+ Dex+4}
 14122 | Trove    | Identified the +7 hand axe "Fuawimm" {vamp, rElec}
 14125 | Trove    | Identified the +5 executioner's axe "Ajoyllal" {freeze,
                  | rElec SInv}
 14126 | Trove    | Identified the +5 executioner's axe of the Snake Pit
                  | {flame, Dex+3 SInv}
 14282 | D:12     | Killed Nessos
 14460 | D:12     | Gained Murdo as an ally
 14465 | D:12     | Noticed Urug
 14709 | D:12     | Noticed a rakshasa
 15221 | D:12     | Gained Morguth as an ally
 15589 | D:12     | Found the +8 frozen axe "Frostbite" {freeze, freezing
                  | cloud, *Noise Fly rC+}
 15953 | Lair:3   | Noticed Rupert
 15979 | Lair:2   | HP: 3/107 [Rupert/+6 great mace of venom (32)]
 15986 | Lair:2   | Killed Rupert
 16719 | Lair:3   | You fall into a shaft and drop 2 floors!
 16719 | Lair:5   | Entered Level 5 of the Lair of Beasts
 16931 | Lair:5   | Reached skill level 17 in Axes
 16999 | Lair:5   | Reached ****** piety under Beogh
 17049 | Lair:5   | Reached XP level 14. HP: 114/119 MP: 14/21
 17059 | Lair:5   | Reached skill level 10 in Fighting
 17103 | Lair:5   | Reached skill level 18 in Axes
 17454 | Lair:5   | Gained Hilgar as an ally
 17457 | Lair:5   | Reached skill level 19 in Axes
 18217 | Lair:4   | Found a staircase to the Slime Pits.
 18387 | Lair:4   | Reached skill level 20 in Axes
 19093 | D:4      | Gained mutation: Your muscles are strong. (Str +4, Int/Dex
                  | -1) [potion of mutation]
 19093 | D:4      | Gained mutation: You have sharp toenails. [potion of
                  | mutation]
 19093 | D:4      | Gained mutation: You are somewhat resistant to further
                  | mutation. [potion of mutation]
 19865 | Lair:4   | Reached skill level 21 in Axes
 20228 | Orc:1    | Entered Level 1 of the Orcish Mines
 20228 | Orc:1    | Found Paetisi's General Store.
 20239 | Orc:1    | Found a roughly hewn altar of Beogh.
 20335 | Orc:1    | Found Heuruk's Jewellery Boutique.
 20513 | Orc:1    | Bought a scroll of identify for 36 gold pieces
 20513 | Orc:1    | Bought the +7 chain mail "Emuliehyzi" {rCorr Slay+2} for
                  | 1089 gold pieces
 20694 | Orc:2    | Entered Level 2 of the Orcish Mines
 20757 | Orc:2    | Found a staircase to the Elven Halls.
 20757 | Orc:2    | Found a roughly hewn altar of Beogh.
 20838 | Orc:2    | Gained Arbeogh as an ally
 20974 | Orc:2    | Your ally Arbeogh died
 20986 | Orc:2    | Reached XP level 15. HP: 99/126 MP: 19/22
 20992 | Orc:2    | Your ally Arbeogh died
 21004 | Orc:2    | Gained Orgrim as an ally
 21161 | Orc:2    | Found Muna's Antique Weapon Boutique.
 21191 | Orc:2    | Bought a glimmering spear for 224 gold pieces
 21191 | Orc:2    | Identified the +4 spear of Watchfulness {freeze, rElec
                  | Str+2 Int+2 Dex-2} (You bought it in a shop on level 2 of
                  | the Orcish Mines)
 21271 | Orc:2    | Reached skill level 22 in Axes
 21333 | Orc:2    | Found Caleum's General Store.
 21333 | Orc:2    | Found Irghufile's Distillery.
 21333 | Orc:2    | Found Joxtimp's General Store.
 21336 | Orc:2    | Found Lupnac's Distillery.
 21340 | Orc:2    | Bought a +2 cloak of stealth for 279 gold pieces
 21634 | Shoals:1 | Entered Level 1 of the Shoals
 22329 | Shoals:1 | Reached skill level 23 in Axes
 23454 | Shoals:2 | Reached skill level 24 in Axes
 23907 | Shoals:2 | Reached skill level 5 in Evocations
 24676 | Shoals:3 | Found Veodiset's Antique Weapon Shoppe.
 25131 | Shoals:3 | Reached XP level 16. HP: 126/134 MP: 16/23
 25209 | Shoals:3 | Gained Wargath as an ally
 25625 | Shoals:3 | Identified the +0 cloak "Tiupru Tavum" {rF++ rC- Slay+2}
 25792 | Shoals:3 | Noticed a kraken
 25803 | Shoals:3 | Killed a kraken
 26191 | Shoals:3 | Your ally Wargath died
 26334 | Shoals:3 | Identified the +0 chain mail of Fanaticism {Str+3}
 26877 | D:12     | Identified the +9 mace of Blue Honour {spect, rN+ Will+
                  | Int+3}
 27484 | Elf:1    | Entered Level 1 of the Elven Halls
 27486 | Elf:1    | Your ally Murdo died
 27491 | Elf:1    | Your ally Morguth died
 27536 | Orc:2    | Bought a scroll of identify for 24 gold pieces
 27541 | Orc:2    | Bought a potion of heal wounds for 55 gold pieces
 27541 | Orc:2    | Bought a potion of curing for 33 gold pieces
 27541 | Orc:2    | Bought a potion of curing for 33 gold pieces
 27764 | Shoals:4 | Entered Level 4 of the Shoals
 27909 | Shoals:4 | Reached skill level 10 in Evocations
 27913 | Shoals:4 | Reached skill level 1 in Long Blades
 28144 | Shoals:4 | Reached skill level 5 in Long Blades
 28453 | Shoals:4 | Noticed a sphinx
 28458 | Shoals:4 | Noticed Mara
 28461 | Shoals:4 | Killed a sphinx
 28529 | Shoals:4 | Noticed hawla's illusion
 28530 | Shoals:4 | HP: 4/134 [Mara (illusionary)/+0 demon trident of pain
                  | (19)]
 28530 | Shoals:4 | Slain by Mara (illusionary)

Illustrated notes

Levels and vault maps discovered:
D:1:      erik_arrival_blinker_ship, layout_rooms
D:2:      minmay_evil_eye, layout_basic, serial_glass, glass_columns_a,
          glass_columns_a
D:3:      layout_basic, serial_shops, nicolae_shop_rolled_up,
          nicolae_diamond_shop
D:4:      layout_basic, minmay_temple_entry_drinking_statues,
          amcnicky_mini_rare_corridor_liquid, chequers_decorated_corner
D:5:      nicolae_BIG_FREAKIN_CUBE, layout_rooms, minmay_misc_feat_room,
          uniq_blork_the_orc
D:6:      layout_gridville, kennysheep_slug_shrine
D:7:      layout_cave_pools, grunt_dithmenos_smoke
D:8:      layout_basic, zin_purify, nicolae_sif_muna_condensation,
          mainiacjoe_overflow_swirl, minitemple, ebering_ghost_rock_garden
D:9:      layout_loops_cross, gammafunk_ghost_nasty_kobolds, serial_shops, shop,
          minmay_st_funbox, minmay_misc_feat_cross
D:10:     layout_basic, okawaru_gym_becter, tso_altar, lair_entry_dummy,
          uniq_psyche, uniq_maurice, uniq_nergalle
D:11:     layout_loops_corners, david_orc_3, portal_ice_cave_entry_pillars_2,
          grunt_ministairs_12, kennysheep_potato, uniq_josephine
D:12:     statuecave_lemuel, layout_basic, nicolae_trove_entry_free_sample,
          hellmonk_guarded_unrand_frostbite, uniq_urug, uniq_nessos
Temple:   minmay_temple_bridge_abc
Lair:1:   layout_chaotic_city, infiniplex_staircase_pool_2, uniq_gastronok,
          uniq_fannar, uniq_amaemon
Lair:2:   layout_gridlike, mainiacjoe_shoals_entry_four_pools,
          minmay_snake_entry_guardpost_small
Lair:3:   layout_roguey, gauntlet_entry_generic, serial_bayou,
          serial_bayou_crossing, serial_bayou_lagoon_a, serial_bayou_ford_a,
          serial_bayou_lake_a, uniq_rupert
Lair:4:   wad_woods_structure_01, layout_big_grid,
          nicolae_slime_entry_field_trip, infiniplex_staircase_pool,
          lemuel_fruit_tree
Lair:5:   minmay_lair_end_frog_pond, layout_big_grid, kilobyte_rumbling_trees
Shoals:1: layout_shoals
Shoals:2: layout_shoals
Shoals:3: layout_shoals, serial_shops, shop
Shoals:4: shoals_end_hellmonk_lost_city, uniq_mara
Orc:1:    layout_diamond_mine, serial_shops, nicolae_shop_waterfront,
          basic_altar, minmay_shop_enchanted_jewellery
Orc:2:    st_orc_rangers, layout_caves, basic_altar, serial_shops,
          nicolae_shop_getting_attention
Elf:1:    eino_elf_arrival_shootout, layout_gridlike, ebering_ghost_xom,
          serial_shops, shop, nicolae_elf_shapeshifter_party

Skill      XL: |  1  2  3  4  5  6  7  8  9 10 11 12 13 14 15 16 |
---------------+-------------------------------------------------+-----
Axes           | 5 7 8 10 12 14 16 17 21 24 | 24.0
Armour         | 6 11 14 | 14.8
Invocations    | 8 10 | 10.0
Fighting       | 5 9 10 | 10.0
Dodging        | 6 |  6.0
Throwing       | 5 6 |  6.0
Evocations     | 3 7 10 | 10.0
Long Blades    | 9 |  9.4

Action                     |  1- 3 |  4- 6 |  7- 9 | 10-12 | 13-15 | 16-18 || total
---------------------------+-------+-------+-------+-------+-------+-------++-------
  Melee: Hand axe          |    94 |    63 |       |       |   135 |       ||   292
         War axe           |       |    40 |   126 |   446 |   171 |       ||   783
         Executioner's axe |       |       |       |       |   535 |   189 ||   724
  Throw: Dart              |       |       |     7 |    36 |    17 |       ||    60
         Throwing net      |       |       |       |     2 |       |       ||     2
 Invoke: Convert to Beogh  |       |     1 |       |       |       |       ||     1
         Recall Orcish Fol |       |       |       |     2 |     6 |     2 ||    10
         Smiting           |       |       |       |     2 |     2 |       ||     4
         Give Item to Name |       |       |       |       |     5 |       ||     5
         Stop Recall       |       |       |       |       |     2 |       ||     2
         Resurrection      |       |       |       |       |     2 |       ||     2
  Evoke: Wand              |       |     4 |       |     7 |    26 |    19 ||    56
         Sack of spiders   |       |       |       |       |     2 |     1 ||     3
         Phantom mirror    |       |       |       |       |       |     1 ||     1
    Use: Potion            |     1 |     1 |       |     1 |    12 |     3 ||    18
         Scroll            |       |     9 |     3 |    17 |    14 |     4 ||    47
   Stab: Distracted        |       |       |     1 |     4 |     7 |     1 ||    13
         Held in net/web   |       |       |       |     1 |       |       ||     1
         Paralysed         |       |       |       |       |     7 |       ||     7
         Invisible         |       |       |       |       |       |     1 ||     1
 Armour: Robe              |    50 |    37 |    39 |       |       |       ||   126
         Chain mail        |       |       |    10 |   348 |   714 |   175 ||  1247
  Dodge: Dodged            |    66 |    69 |    97 |   302 |   630 |   126 ||  1290
